 Dungeon Crawl Stone Soup version 0.25-a0-2-g6559c6c67a (webtiles) character file.

Game seed: 8170491125468109547, levelgen mode: deterministic

32 Gargoyl the Skirmisher (level 3, -4/31 HPs)
             Began as a Centaur Abyssal Knight on Oct 14, 2019.
             Was a Follower of Lugonu.
             Slain by Natasha (8 damage)
             ... on level 2 of the Dungeon.
             The game lasted 00:02:12 (1684 turns).

Gargoyl the Skirmisher (Centaur Abyssal Knight)     Turns: 1684, Time: 00:02:13

Health: -4/31      AC:  6    Str: 12 (14) XL:     3   Next: 8%
Magic:  4/4        EV:  8    Int: 13 (16) God:    Lugonu [*.....]
Gold:   62         SH:  0    Dex: 10 (11) Spells: 2/2 levels left

rFire    . . .     SeeInvis .   a - +1 hand axe
rCold    . . .     Gourm    .   (no shield)
rNeg     . . .     Faith    .   f - +1 ring mail "Qukufif" {Dex+2} (curse)
rPois    .         Spirit   .   (no helmet)
rElec    .         Reflect  .   (no cloak)
rCorr    .         Harm     .   (no gloves)
MR       .....                  (no barding)
Stlth    ..........             (no amulet)
HPRegen  0.10/turn              (no ring)
MPRegen  0.09/turn              (no ring)

@: brilliant, lethally poisoned (-4 -> -7), very quick
A: large, hooves 3, deformed body, speed 2, tough skin 3
a: Depart the Abyss, Renounce Religion


You were on level 2 of the Dungeon.
You worshipped Lugonu.
Lugonu was aware of your devotion.
You were not hungry.

You visited 1 branch of the dungeon, and saw 2 of its levels.
You visited the Abyss 1 time.

You collected 62 gold pieces.

Inventory:

Hand Weapons
 a - a +1 hand axe (weapon)
Armour
 f - the cursed +1 ring mail "Qukufif" (worn) {Dex+2}
   (You found it on level 2 of the Abyss)

   It affects your dexterity (+2).
   It has a curse placed upon it.
Scrolls
 b - a scroll of enchant weapon {unknown}
 h - a scroll of amnesia {unknown}
Potions
 e - a potion of degeneration
Comestibles
 c - 3 rations


   Skills:
 + Level 3.4 Fighting
 + Level 2.0 Axes
 * Level 1.8 Armour
 * Level 1.0 Dodging
 * Level 2.3 Invocations


You had 2 spell levels left.
You didn't know any spells.
Your spell library was empty.

Dungeon Overview and Level Annotations

Branches:
Dungeon (2/15)

Altars:

Annotations:
D:2 Natasha


Innate Abilities, Weirdness & Mutations

You have hooves in place of feet.
Armour fits poorly on your strangely shaped body.
You cover ground very quickly.
You have extremely tough skin. (AC +3)


Message History

The adder bites you. The adder bites you but does no damage. Natasha claws you.
You feel much better. The adder barely misses you.
Natasha claws you but does no damage.
You miss the adder. Your kick misses the adder. You closely miss Natasha.
The adder bites you. Natasha casts a spell at you. The magic dart hits you!
You barely miss the adder. You kick the adder, but do no damage.
You closely miss Natasha. The adder bites you but does no damage.
Natasha claws you. The adder bites you.
You are poisoned.
The adder poisons you!
You miss the adder. Your kick misses the adder. You closely miss Natasha.
You feel sick. The adder completely misses you. Natasha claws you.
* * * LOW HITPOINT WARNING * * *
The adder bites you but does no damage.
You completely miss the adder. You hit Natasha.
* * * LOW HITPOINT WARNING * * *
You feel sick. Natasha claws you!
You die...

#.......#... ..#.#
#..########.##.#.#
#..# ...#.#.# #..#
#.#.#.# #..#
#####.>...
#..###.##.........
####...........#..†..
#.#.....###....#
#.<... #.....@.# ###
#.##.# ......Sh.#
#....# ..........#
.#..... ..........#
#....... ####......#
###..... #..##.##
###... ##. #.# #...
#. .# #... #...


You could see Natasha and an adder.

Vanquished Creatures
  A giant cockroach (D:1)
  6 goblins
  2 hobgoblins
  4 jackals (D:2)
  7 bats
  2 frilled lizards
  3 kobolds
  4 rats
29 creatures vanquished.

Vanquished Creatures (others)
  2 starspawn tentacles (Abyss:2)
2 creatures vanquished.

Grand Total: 31 creatures vanquished

Notes
Turn   | Place    | Note
-------+----------+-------------------------------------------
     0 | Abyss:1  | Gargoyl the Centaur Abyssal Knight began the quest for the
                  | Orb.
     0 | Abyss:1  | Reached XP level 1. HP: 19/19 MP: 2/2
    28 | Abyss:2  | Noticed a tentacled starspawn
    46 | Abyss:2  | Noticed a sky beast
    69 | Abyss:2  | Noticed a neqoxec
    94 | Abyss:2  | Noticed a large abomination
    98 | Abyss:2  | Noticed a kobold demonologist
   106 | Abyss:2  | Noticed a crimson imp
   107 | Abyss:2  | Noticed an efreet
   115 | Abyss:2  | Got a translucent ring mail
   134 | Abyss:2  | Noticed a small abomination
   137 | D:1      | Escaped the Abyss
   148 | D:1      | Identified the cursed +1 ring mail "Qukufif" {Dex+2} (You
                  | found it on level 2 of the Abyss)
   546 | D:1      | Reached * piety under Lugonu
   692 | D:1      | Reached XP level 2. HP: 22/26 MP: 3/3
  1355 | D:2      | Reached skill level 1 in Dodging
  1442 | D:2      | Reached XP level 3. HP: 13/31 MP: 4/4
  1670 | D:2      | Noticed Natasha
  1684 | D:2      | Slain by Natasha

Levels and vault maps discovered:
D:1:      evilmike_arrival_hilbert_curve, layout_basic, dk_noncrumbling_4
D:2:      layout_basic, first_ration, uniq_terence, uniq_natasha

Skill      XL: |  1  2 |
---------------+-------+-----
Dodging        | 1 |  1.0
Axes           | 2 |  2.0
Fighting       | |  3.4
Armour         | |  1.8
Invocations    | |  2.3

Action                   || total
-------------------------++-------
Melee: Hand axe          ||    68
       Kick              ||    14
Invok: Depart the Abyss  ||     1
  Use: Potion            ||     4
       Scroll            ||     1
  Eat: Chunk             ||     1
Armor: Ring mail         ||    60
       Leather armour    ||     1
Dodge: Dodged            ||    45

Table legend:
 A = Non-vault XP
 B = Vault XP
 C = Vault XP percentage of total XP
 D = Non-vault monster count
 E = Vault monster count
 F = Vault count percentage of total count
                 A         B        C        D         E       F
            +---------+---------+-------+---------+---------+-------
      Total |      46 |       0 |   0.0 |      29 |       0 |   0.0
            +---------+---------+-------+---------+---------+-------
        D:1 |      25 |       0 |   0.0 |      17 |       0 |   0.0
        D:2 |      21 |       0 |   0.0 |      12 |       0 |   0.0
            +---------+---------+-------+---------+---------+-------
